AoeStats
← HairyRalph

Arena

506298162Analyzed
1v1 RM · 20d ago on Sep 13, 2026· 33m 50s· 2 players
Game mode
Random Map
Map size
Tiny (2 player)
Population
200
Speed
Normal
Resources
Standard
Victory
Conquest
Starting age
Dark Age
Ending age
Imperial Age
RankedLock teamsTeams togetherTeam positionsShared explorationLock speedFull tech treeHidden civsTurbo modeCheats
Victory
Defeat
376
+16
🇺🇸 Bohemians · United States
366
-16
HairyRalph
5:44 Loom
13:53 Feudal Age
15:38 Wheelbarrow
15:27 Double-Bit Axe
15:26 Horse Collar
20:49 Castle Age
22:50 Hand Cart
22:09 Pikeman
23:37 Bow Saw
23:35 Heavy Plow
25:53 Forging
25:45 Scale Mail Armor
27:47 Chemistry
27:09 Ballistics
31:00 Iron Casting
30:41 Chain Mail Armor
35:49 Imperial Age
Nice To Meet UR Trash Army
12:37 Feudal Age
13:20 Double-Bit Axe
16:22 Castle Age
16:15 Wheelbarrow
15:59 Horse Collar
17:18 Bow Saw
18:10 Loom
19:45 Fletching
24:41 Hand Cart
24:22 Bodkin Arrow
24:50 Town Watch
30:25 Imperial Age
27:57 Gold Mining
28:36 Heavy Plow
29:18 Ballistics
29:05 Padded Archer Armor
29:52 Gold Shaft Mining
29:08 Stone Mining
30:53 Stone Shaft Mining
30:59 Masonry
31:13 Thumb Ring
31:34 Parthian Tactics
31:14 Bracer
31:35 Bloodlines
31:25 Husbandry
33:11 Chemistry
33:10 Leather Archer Armor
32:24 Elite Mangudai
Connection lost

Rejoining the realm…

Still unreachable

The connection could not be restored.

Session expired

The server has moved on; the page needs a fresh start.